 Dungeon Sprint DCSS version 0.20.1-1-g8b1a95d (webtiles) character file.

763 wojtek the Basher (level 7, -2/72 (73) HPs)
             Began as a Minotaur Fighter on Jan 1, 2018.
             Slain by a polar bear (23 damage)
             ... in the Dungeon (Sprint II: "The Violet Keep of Menkaure").
             The game lasted 00:02:07 (769 turns).

wojtek the Basher (Minotaur Fighter)                 Turns: 769, Time: 00:02:08

HP:   -2/72 (73)    AC:  8    Str: 23    XL:     7   Next: 51%
MP:   6/6           EV:  7    Int:  5    God:
Gold: 972           SH:  9    Dex:  9    Spells: 6/6 levels left

rFire    . . .     SeeInvis .   a - +0 flail
rCold    . . .     Gourm    .   c - +0 shield
rNeg     . . .     Faith    .   b - +0 scale mail
rPois    .         Spirit   .   (helmet restricted)
rElec    .         Reflect  .   (no cloak)
rCorr    .         Harm     .   (no gloves)
MR       .....     NoTele   +   (no boots)
Stlth    ..........             (no amulet)
Regen    0.3/turn               (no ring)
MPRegen  0.1/turn               (no ring)

@: no status effects
A: retaliatory headbutt, horns 2
a: no special abilities


You were in the Dungeon.
You were not hungry.

You visited 1 branch You collected 972 gold pieces.

Inventory:

Hand Weapons
 a - a +0 flail (weapon)
Armour
 b - a +0 scale mail (worn)
 c - a +0 shield (worn)
Scrolls
 k - a scroll of blinking
Potions
 d - a potion of might
 e - a potion of curing
 g - a potion of heal wounds
 h - a potion of haste
 i - 2 potions of magic
 j - a potion of berserk rage
Comestibles
 f - a bread ration
 l - 3 chunks of flesh


   Skills:
 + Level 10.4 Fighting
 * Level 13.7 Maces & Flails
 + Level 10.5 Armour
 - Level 3.6 Shields


You had 6 spell levels left.
You didn't know any spells.

Dungeon Overview and Level Annotations

Branches:
Dungeon (1/1)

Altars:
Cheibriados
Dithmenos
Elyvilon
Fedhas
Gozag
Hepliaklqana
Kikubaaqudgha
Makhleb
Nemelex Xobeh
Okawaru
Qazlal
Ru
Sif Muna
Trog
Uskayaw
Vehumet
Xom
Yredelemnul
Zin
The Shining One
Jiyva
Lugonu

Shops:
D %*![!=!?[[(

Annotations:
D exclusion: orange crystal statue, Roxanne


Innate Abilities, Weirdness & Mutations

You reflexively headbutt those who attack you in melee.
You have a pair of horns on your head.


Message History

You furiously retaliate!
You headbutt the hornet. You block the polar bear's attack.
The polar bear claws you. The polar bear barely misses you.
You hit the polar bear.
The polar bear is severely wounded.
You block the hornet's attack. The polar bear bites you!
The polar bear claws you but does no damage.
You block the polar bear's attack. x2; The polar bear claws you.
* * * LOW HITPOINT WARNING * * *
The polar bear claws you but does no damage.
You completely miss the polar bear.
The polar bear is severely wounded.
You block the hornet's attack.
The polar bear goes berserk!
You block the polar bear's attack.
The polar bear claws you but does no damage. x2
The hornet stings you but does no damage.
You hit the polar bear.
The polar bear is almost dead.
The polar bear bites you!!
You die...

.#.##.#### .### .##.#
...# ...# ..#####..##
#..# # #'###.##..# +..#
.# #.##...#..# #..# .# !
.<.')#.+..### ..##.# !$[
#.##...#....###^c.##▓▓▓▓
#÷###.##...§..≈yhhh≈≈≈≈≈
...####≈≈..§..≈#@#######
.#..#≈≈≈§§≈≈§.≈#..._._._
.#.##≈≈§§≈≈≈≈§≈#_._._._.
#'##≈≈≈≈≈≈≈≈≈≈≈#._._._._
≈≈≈≈≈≈≈≈≈≈≈≈≈≈≈#.._._._.
+#+++#§§≈§§≈≈≈≈#._._._..
§§≈≈≈##§§≈###≈≈#_._._...
§§≈§.§##§≈# #≈≈#._._....
§8§§≈§§+≈≈#


You could see 3 polar bears, a yaktaur and a hornet.

Vanquished Creatures
  A merfolk siren (D)
  4 necrophages (D)
  4 worker ants (D)
  3 worms (D)
12 creatures vanquished.

Vanquished Creatures (others)
  Menkaure (D)
  A crocodile (D)
2 creatures vanquished.

Grand Total: 14 creatures vanquished

Notes
Turn   | Place    | Note
-------+----------+-------------------------------------------
     0 | D        | wojtek the Minotaur Fighter began the quest for the Orb.
     0 | D        | Reached XP level 1. HP: 19/19 MP: 0/0
     6 | D        | Reached skill level 3 in Maces & Flails
    12 | D        | Reached skill level 4 in Maces & Flails
    28 | D        | Killed a crocodile
    60 | D        | Killed Menkaure
   239 | D        | Noticed a merfolk siren
   257 | D        | Killed a merfolk siren
   257 | D        | Reached skill level 11 in Maces & Flails
   257 | D        | Reached XP level 2. HP: 19/36 MP: 1/1
   257 | D        | Reached XP level 3. HP: 22/41 MP: 2/2
   257 | D        | Reached XP level 4. HP: 26/49 MP: 3/3
   257 | D        | Reached XP level 5. HP: 30/56 MP: 4/4
   257 | D        | Reached XP level 6. HP: 33/62 MP: 5/5
   407 | D        | Reached skill level 12 in Maces & Flails
   412 | D        | Reached XP level 7. HP: 66/70 MP: 6/6
   415 | D        | Reached skill level 10 in Fighting
   415 | D        | Reached skill level 13 in Maces & Flails
   415 | D        | Reached skill level 10 in Armour
   604 | D        | Noticed an orange crystal statue
   625 | D        | Found Oskiodau's Antique Armour Shoppe.
   625 | D        | Found Deck's Armour Shoppe.
   625 | D        | Found Neomirch's Distillery.
   625 | D        | Found Geury's Magic Scroll Emporium.
   625 | D        | Found Cewophor's Distillery.
   625 | D        | Found Qoakic's Jewellery Shoppe.
   626 | D        | Found Unkiloof's Antique Armour Shoppe.
   626 | D        | Found Tualeic's Distillery.
   627 | D        | Found Loseir's Assorted Antiques.
   627 | D        | Found Qabboir's Food Emporium.
   627 | D        | Noticed a shining eye
   628 | D        | Found Vinida's Antique Weapon Emporium.
   628 | D        | Noticed a shining eye
   642 | D        | Noticed Roxanne
   749 | D        | Found a glowing golden altar of the Shining One.
   750 | D        | Found a shimmering altar of Xom.
   750 | D        | Found a sacrificial altar of Ru.
   751 | D        | Found a basalt altar of Yredelemnul.
   751 | D        | Found a deep blue altar of Sif Muna.
   752 | D        | Found a glowing silver altar of Zin.
   752 | D        | Found a bloodstained altar of Trog.
   752 | D        | Found an ancient bone altar of Kikubaaqudgha.
   752 | D        | Found a stormy altar of Qazlal.
   752 | D        | Found a viscous altar of Jiyva.
   753 | D        | Found a hide-covered altar of Uskayaw.
   753 | D        | Found a corrupted altar of Lugonu.
   753 | D        | Found a shadowy altar of Dithmenos.
   753 | D        | Found a hazy altar of Hepliaklqana.
   753 | D        | Found a snail-covered altar of Cheibriados.
   754 | D        | Found a radiant altar of Vehumet.
   754 | D        | Found a burning altar of Makhleb.
   754 | D        | Found a white marble altar of Elyvilon.
   755 | D        | Found a sparkling altar of Nemelex Xobeh.
   755 | D        | Found a blossoming altar of Fedhas.
   757 | D        | Found an iron altar of Okawaru.
   757 | D        | Found an opulent altar of Gozag.
   757 | D        | Noticed a hornet
   757 | D        | Noticed a polar bear
   758 | D        | Noticed a polar bear
   759 | D        | Noticed a polar bear
   761 | D        | Noticed a yaktaur
   769 | D        | Slain by a polar bear

Skill      XL: |  1  2  3  4  5  6  7 |
---------------+----------------------+-----
Fighting       | 8 9 10 | 10.4
Maces & Flails | 11 12 13 | 13.7
Armour         | 8 9 10 | 10.5
Shields        | |  3.6

Action                   |  1- 3 |  4- 6 |  7- 9 || total
-------------------------+-------+-------+-------++-------
Melee: Flail             |    24 |    11 |    30 ||    65
       Headbutt          |     4 |     1 |     5 ||    10
Armor: Scale mail        |     1 |     2 |    21 ||    24
Dodge: Dodged            |       |     4 |    10 ||    14
Block: Shield            |     2 |     2 |    15 ||    19
